 Dungeon Sprint DCSS version 0.22.1-1-ga44c0e56f4 (webtiles) character file.

4011 MuseOD the Unseen (level 10, -8/53 HPs)
             Began as a Spriggan Enchanter on Sept 22, 2018.
             Was an Elder of Dithmenos.
             Killed from afar by an iron elemental (44 damage)
             ... with an iron shot
             ... in the Dungeon (Sprint II: "The Violet Keep of Menkaure").
             The game lasted 00:03:41 (1166 turns).

MuseOD the Unseen (Spriggan Enchanter)              Turns: 1166, Time: 00:03:42

Health: -8/53      AC:  2    Str:  4    XL:     10   Next: 3%
Magic:  28/28      EV: 18    Int: 20    God:    Dithmenos [****..]
Gold:   1232       SH:  0    Dex: 17    Spells: 29/35 levels left

rFire    . . .     SeeInvis +   a - +1 dagger
rCold    . . .     Gourm    .   (shield restricted)
rNeg     . . .     Faith    .   b - +0 robe
rPois    .         Spirit   .   (helmet restricted)
rElec    .         Reflect  .   (no cloak)
rCorr    .         Harm     .   (gloves unavailable)
MR       +....     NoTele   +   (boots unavailable)
Stlth    ++++++....             (no amulet)
HPRegen  0.17/turn              (no ring)
MPRegen  0.21/turn              (no ring)

@: wreathed by umbra, slow
A: very small, unfitting armour, see invisible, herbivore, speed 3, slow
metabolism 2
a: Shadow Step, Renounce Religion


You were in the Dungeon.
You worshipped Dithmenos.
Dithmenos was greatly pleased with you.
You were not hungry.

You visited 1 branch You collected 1232 gold pieces.

Inventory:

Hand Weapons
 a - a +1 dagger (weapon)
Armour
 b - a +0 robe (worn)
Scrolls
 j - a scroll of blinking
Potions
 e - a potion of curing
 g - a potion of haste
 h - a potion of magic
Comestibles
 d - a ration


   Skills:
 - Level 5.8 Fighting
 - Level 10.9 Short Blades
 - Level 3.0 Dodging
 + Level 18.8 Stealth
 + Level 13.0 Spellcasting
 + Level 13.2 Hexes


You had 29 spell levels left.
You knew the following spells:

 Your Spells              Type           Power        Failure   Level  Hunger
a - Corona                Hex            ######.      1%          1    None
b - Ensorcelled Hibernat  Hex/Ice        #####.       1%          2    None
c - Confuse               Hex            ######..     1%          3    None

Your spell library contained the following spells:

 Spells                   Type           Power        Failure   Level  Hunger
 Dazzling Spray           Conj/Hex       #####.       1%          3    None
 Tukima's Dance           Hex            ######..     1%          3    None


Dungeon Overview and Level Annotations

Branches:
Dungeon (1/1)

Altars:
Cheibriados
Dithmenos
Elyvilon
Fedhas
Gozag
Hepliaklqana
Kikubaaqudgha
Makhleb
Nemelex Xobeh
Okawaru
Qazlal
Ru
Sif Muna
Trog
Uskayaw
Vehumet
Wu Jian
Xom
Yredelemnul
Zin
The Shining One
Beogh
Jiyva
Lugonu

Shops:
D =!:}[}*:=%[=(!?(

Annotations:
D exclusion: oklob plant


Innate Abilities, Weirdness & Mutations

You are very small and have problems with some larger weapons.
You are too small for most types of armour.
You have supernaturally acute eyesight. (SInv)
You are a herbivore.
You cover ground extremely quickly.
You need to consume almost no food.


Message History

Your unstable footing causes you to fumble your attack.
You hit the iron elemental but do no damage.
The iron elemental misses you.
Your unstable footing causes you to fumble your attack.
You hit the iron elemental but do no damage.
You hit the iron elemental but do no damage.
The iron elemental misses you.
You hit the iron elemental but do no damage.
You hit the iron elemental but do no damage.
Your unstable footing causes you to fumble your attack.
The iron elemental closely misses you.
You hit the iron elemental but do no damage.
Your unstable footing causes you to fumble your attack.
You hit the iron elemental but do no damage.
The elephant trumpets!
You hit the iron elemental but do no damage.
The iron elemental gestures at you. The iron shot hits you!
Ouch! That really hurt!
You die...

##∩.....∩.#≈≈≈≈##.#.##.####.
##.∩...∩.∩#≈Y≈≈#.##.†# ...#.
##∩.∩.∩.∩.#≈≈#####..####..##
##.∩.∩.∩..#≈##.###'###.##..#
##..∩.∩...#≈#.).##.##.#.#..#
##...⌠....'≈'.#.'.<.'###+..#
##........#≈#...##.##.#.#...
#▓▓▓▓▓▓▓###E##.###'###.##..§
##?.?######@≈####.#.####≈≈.§
#[$s#J ##≈≈≈#..#..#§≈≈≈≈≈
#∩P?+J$ #'#≈###.###≈≈≈≈≈≈
#$D?#(# #.#≈†##+##≈≈≈≈§§≈
####≈≈≈ ≈≈≈≈≈≈≈§≈
+++#+++#≈≈§§≈ §. ##§≈≈# .§ .


You could see an iron elemental and an elephant.

Vanquished Creatures
  3 manticores (D)
  A merfolk siren (D)
  A yaktaur (D)
  A kobold demonologist (D)
  A hornet (D)
  3 polar bears (D)
  5 hippogriffs (D)
  A vampire mosquito (D)
  2 swamp drakes (D)
  A crocodile (D)
  4 worker ants (D)
  3 worms (D)
26 creatures vanquished.

Vanquished Creatures (others)
  Kirke (D)
  A centaur warrior (D)
  Menkaure (D)
  A crocodile (D)
4 creatures vanquished.

Grand Total: 30 creatures vanquished

Notes
Turn   | Place    | Note
-------+----------+-------------------------------------------
     0 | D        | MuseOD the Spriggan Enchanter began the quest for the Orb.
     0 | D        | Reached XP level 1. HP: 9/9 MP: 5/5
     1 | D        | Noticed a hippogriff
     1 | D        | Noticed a hippogriff
     8 | D        | Noticed a worker ant
     8 | D        | Noticed a worker ant
     8 | D        | Noticed a worker ant
     8 | D        | Noticed a worker ant
    13 | D        | Killed a worker ant
    13 | D        | Reached skill level 6 in Stealth
    13 | D        | Reached XP level 2. HP: 15/15 MP: 6/6
    16 | D        | Reached skill level 5 in Short Blades
    16 | D        | Reached XP level 3. HP: 19/19 MP: 8/8
    21 | D        | Killed a crocodile
    22 | D        | Reached skill level 7 in Stealth
    22 | D        | Reached XP level 4. HP: 24/24 MP: 9/9
    26 | D        | Reached skill level 8 in Stealth
    41 | D        | Killed Menkaure
    55 | D        | Learned a level 2 spell: Ensorcelled Hibernation
    59 | D        | Learned a level 3 spell: Confuse
   338 | D        | Killed a hippogriff
   338 | D        | Reached skill level 10 in Stealth
   338 | D        | Reached XP level 5. HP: 30/30 MP: 3/10
   341 | D        | Killed a hippogriff
   341 | D        | Reached skill level 5 in Fighting
   341 | D        | Reached skill level 10 in Short Blades
   341 | D        | Reached skill level 11 in Stealth
   341 | D        | Reached XP level 6. HP: 36/36 MP: 4/11
   352 | D        | Found a glowing golden altar of the Shining One.
   352 | D        | Found an ornate altar of the Wu Jian Council.
   352 | D        | Found a stormy altar of Qazlal.
   353 | D        | Found a shimmering altar of Xom.
   353 | D        | Found a sacrificial altar of Ru.
   354 | D        | Found a basalt altar of Yredelemnul.
   354 | D        | Found a deep blue altar of Sif Muna.
   354 | D        | Found a viscous altar of Jiyva.
   355 | D        | Found a glowing silver altar of Zin.
   355 | D        | Found a bloodstained altar of Trog.
   355 | D        | Found an ancient bone altar of Kikubaaqudgha.
   356 | D        | Found a hide-covered altar of Uskayaw.
   356 | D        | Found a corrupted altar of Lugonu.
   356 | D        | Found a shadowy altar of Dithmenos.
   357 | D        | Found a radiant altar of Vehumet.
   357 | D        | Found a burning altar of Makhleb.
   357 | D        | Found a white marble altar of Elyvilon.
   358 | D        | Found a sparkling altar of Nemelex Xobeh.
   358 | D        | Found a blossoming altar of Fedhas.
   359 | D        | Found an iron altar of Okawaru.
   359 | D        | Found an opulent altar of Gozag.
   404 | D        | Noticed a yaktaur
   404 | D        | Noticed a hornet
   404 | D        | Noticed a polar bear
   405 | D        | Noticed a polar bear
   405 | D        | Noticed a polar bear
   406 | D        | Killed a polar bear
   406 | D        | Reached skill level 12 in Stealth
   406 | D        | Reached skill level 5 in Spellcasting
   406 | D        | Reached skill level 5 in Hexes
   406 | D        | Reached XP level 7. HP: 39/39 MP: 11/15
   407 | D        | Killed a polar bear
   407 | D        | Reached skill level 13 in Stealth
   412 | D        | Killed a hornet
   412 | D        | Reached skill level 14 in Stealth
   412 | D        | Reached XP level 8. HP: 44/44 MP: 5/20
   438 | D        | Killed a polar bear
   440 | D        | Killed a yaktaur
   440 | D        | Reached skill level 15 in Stealth
   451 | D        | Found a hazy altar of Hepliaklqana.
   451 | D        | Found a snail-covered altar of Cheibriados.
   452 | D        | Found a roughly hewn altar of Beogh.
   458 | D        | Became a worshipper of Dithmenos the Shadowed
   757 | D        | Noticed a hippogriff
   757 | D        | Noticed a hippogriff
   757 | D        | Noticed a hippogriff
   761 | D        | Killed a hippogriff
   761 | D        | Reached skill level 10 in Hexes
   762 | D        | Killed a hippogriff
   762 | D        | Reached skill level 16 in Stealth
   762 | D        | Reached skill level 10 in Spellcasting
   765 | D        | Killed a hippogriff
   765 | D        | Reached * piety under Dithmenos
   765 | D        | Reached XP level 9. HP: 48/48 MP: 11/24
   836 | D        | Noticed a deep elf master archer
   839 | D        | Noticed a manticore
   839 | D        | Noticed a manticore
   839 | D        | Noticed a manticore
   841 | D        | Killed a manticore
   841 | D        | Reached skill level 17 in Stealth
   842 | D        | Killed a manticore
   844 | D        | Killed a manticore
   844 | D        | Reached ** piety under Dithmenos
   856 | D        | Noticed a death drake
   857 | D        | Noticed a death drake
   857 | D        | Noticed a crystal guardian
   858 | D        | Reached skill level 18 in Stealth
   888 | D        | Reached *** piety under Dithmenos
   895 | D        | Noticed a merfolk siren
   898 | D        | Killed a merfolk siren
   902 | D        | Found Loupt's Jewellery Emporium.
   902 | D        | Found Hihad's Distillery.
   902 | D        | Found Tecet's Jewellery Shoppe.
   902 | D        | Found Cobb's Weapon Emporium.
   902 | D        | Found Musiycsi's Antique Armour Shoppe.
   902 | D        | Found Ynom Wyed's Antique Weapon Shoppe.
   902 | D        | Found Quotauma's Magic Scroll Shoppe.
   903 | D        | Found Oklucroi's Food Emporium.
   903 | D        | Found Othal's Book Shoppe.
   904 | D        | Found Zargh's General Store.
   904 | D        | Found Jolutugo's Gadget Emporium.
   906 | D        | Found Nufe Uwa's Antique Armour Emporium.
   906 | D        | Found Nore's Gadget Shoppe.
   906 | D        | Noticed an oklob plant
   907 | D        | Found Qenu's Distillery.
   907 | D        | Found Lucs's Book Shoppe.
   907 | D        | Found Tolats's Jewellery Emporium.
   909 | D        | Noticed an ice dragon
   959 | D        | Noticed Kirke
   959 | D        | Noticed a skeletal warrior
   959 | D        | Noticed a kobold demonologist
   960 | D        | Noticed a centaur warrior
   961 | D        | Noticed an elephant
   962 | D        | Noticed a yaktaur captain
   963 | D        | Noticed a smoke demon
   964 | D        | Noticed an ice devil
   967 | D        | Killed a kobold demonologist
   967 | D        | Reached XP level 10. HP: 39/53 MP: 16/27
  1015 | D        | Killed a centaur warrior
  1120 | D        | Noticed an iron elemental
  1121 | D        | Killed Kirke
  1139 | D        | Reached **** piety under Dithmenos
  1166 | D        | Killed from afar by an iron elemental

Skill      XL: |  1  2  3  4  5  6  7  8  9 10 |
---------------+-------------------------------+-----
Fighting       | 2 3 4 5 |  5.8
Short Blades   | 4 5 6 9 10 | 10.9
Stealth        | 6 7 10 11 12 14 16 18 | 18.8
Spellcasting   | 5 7 10 12 13 | 13.0
Hexes          | 5 8 10 13 | 13.2
Dodging        | |  3.0

Action                   |  1- 3 |  4- 6 |  7- 9 | 10-12 || total
-------------------------+-------+-------+-------+-------++-------
Melee: Dagger            |    13 |    13 |    40 |    29 ||    95
 Cast: Confuse           |       |     5 |    14 |     6 ||    25
       Ensorcelled Hiber |       |       |     1 |       ||     1
Invok: Shadow Step       |       |       |     1 |       ||     1
  Use: Potion            |     1 |       |     2 |       ||     3
 Stab: Confused          |       |     3 |     8 |     1 ||    12
       Sleeping          |       |     1 |    11 |       ||    12
       Held in net/web   |       |       |     1 |       ||     1
Armor: Robe              |       |     1 |     2 |     1 ||     4
Dodge: Dodged            |     6 |     4 |    27 |    13 ||    50
